 Dungeon Crawl Stone Soup version 0.29.0-4-gdea44cf6ec (webtiles) character file.

Game seed: 14323666997638133874

93 qw the Chopper (level 4, -3/26 HPs)
             Began as a Tengu Warper on Aug 28, 2022.
             Slain by a gnoll
             ... wielding a +0 halberd
              (8 damage)
             ... on level 2 of the Dungeon.
             The game lasted 00:00:11 (2163 turns).

qw the Chopper (Tengu Warper)                       Turns: 2163, Time: 00:00:11

Health: -3/26      AC:  6    Str: 13    XL:     4   Next: 62%
Magic:  8/8        EV:  9    Int: 13    God:
Gold:   40         SH:  0    Dex: 14    Spells: 7/7 levels left

rFire   . . .      SeeInvis .   Y - +0 hand axe
rCold   . . .      Faith    .   (no shield)
rNeg    . . .      Spirit   .   h - +0 scale mail
rPois   .          Reflect  .   (helmet restricted)
rElec   .          Harm     .   (no cloak)
rCorr   .          Rampage  .   (no gloves)
Will    .....                   (boots unavailable)
Stlth   ..........              (no amulet)
HPRegen 0.08/turn               (no ring)
MPRegen 0.11/turn               (no ring)

@: no status effects
A: beak, talons 3
a: no special abilities


You were on level 2 of the Dungeon.
You visited 1 branch of the dungeon, and saw 2 of its levels.

You collected 76 gold pieces.
You spent 36 gold pieces at shops.


Innate Abilities, Weirdness & Mutations

You have a beak for a mouth.
You have claws for feet.


   Skills:
 - Level 2.0 Fighting
 + Level 5.2 Axes
 - Level 1.0 Throwing
 - Level 1.1 Armour
 - Level 2.1 Dodging
 - Level 2.0 Spellcasting
 - Level 2.4 Translocations


You had 7 spell levels left.
You didn't know any spells.
Your spell library contained the following spells:

 Spells                   Type           Power      Damage    Failure   Level
 Blink                    Tloc           14%        N/A       56%         2
 Gell's Gravitas          Tloc           7%         N/A       80%         3
 Lesser Beckoning         Tloc           7%         N/A       80%         3
 Teleport Other           Tloc           7%         N/A       80%         3
 Manifold Assault         Tloc           7%         N/A       100%        5

Inventory:

Hand Weapons
 i - a +2 whip of electrocution
 Y - a +0 hand axe (weapon)
Armour
 h - a +0 scale mail (worn)
Scrolls
 a - a scroll of teleportation {unknown}
Potions
 b - a potion of might {unknown}
 d - 2 potions of haste {unknown}
 e - 2 potions of resistance {unknown}
 g - 3 potions of curing

Dungeon Overview and Level Annotations

Branches:
Dungeon (2/15)

Altars:

Shops:
D:2 !


Message History

You open the door.
A gnoll and 2 jackals come into view.
The jackal barks!
The gnoll shouts!
The jackal barks!
Enter note: The jackal bites you.
The jackal pauses to sniff the ground.
The jackal closely misses you. The jackal barely misses you.
The jackal closely misses you. The gnoll barely misses you.
There is an open door here.
You hit the jackal but do no damage. You claw the jackal.
The jackal is severely wounded.
You hit the bush but do no damage. x2; You hit the jackal but do no damage.
The jackal bites you.
The jackal bites you but does no damage.
The gnoll hits you from afar with a +0 halberd!
You hit the jackal but do no damage. You claw the jackal, but do no damage.
The jackal is severely wounded.
You hit the jackal but do no damage. You hit the bush but do no damage. x2
The jackal bites you but does no damage. x3
The gnoll barely misses you.
You closely miss the jackal. You claw the jackal. Your peck misses the jackal.
The jackal is almost dead.
You hit the bush but do no damage. x2; You barely miss the jackal.
The jackal closely misses you.
The jackal bites you but does no damage.
The jackal barely misses you. The gnoll closely misses you.
You hit the jackal.
You kill the jackal!
You hit the bush but do no damage. You barely miss the jackal.
You hit the bush. The jackal misses you. The gnoll closely misses you.
You hit the jackal.
You kill the jackal!
You hit the bush but do no damage. x2
The gnoll hits you from afar with a +0 halberd!
The gnoll misses you.
You barely miss the gnoll. You claw the gnoll.
You peck the gnoll, but do no damage.
The gnoll is heavily wounded.
The gnoll hits you with a +0 halberd!
You die...

....#.# #.# #.# #..#.# #.#
##.## #..#.## #.# ##.#.## ####
#.....###.#####.###.########...
#...#..........## ##.......#...
#.#...#####..######.######.#..#
#.##.##.###..#...#.## #.#..#
#...........P#%g.#########.#..#
#######.##...'@..###...........
#.###.P#+#+#...#####....( #.#
#..# #...# ####.. #.#
#..#####...# #####. #.#
#####......# #.....
#.#######......#####.###.
#......................).
#########################


You could see a gnoll.

Vanquished Creatures
  4 gnolls (D:2)
  An adder (D:2)
  A worm (D:2)
  2 bats
  5 endoplasms
  A giant cockroach (D:1)
  3 goblins (D:1)
  5 hobgoblins
  2 jackals (D:2)
  A quokka (D:1)
  5 ball pythons
  3 frilled lizards
  7 kobolds
  4 rats
44 creatures vanquished.

Notes
Turn   | Place    | Note
-------+----------+-------------------------------------------
     0 | D:1      | qw the Tengu Warper began the quest for the Orb.
     0 | D:1      | Reached XP level 1. HP: 12/12 MP: 4/4
     0 | D:1      | 0 ||| qw: Version: 0.1-a-89-g26bdef1
     0 | D:1      | 0 ||| qw: Game counter: 532
     0 | D:1      | 0 ||| qw: Always use a shield: true
     0 | D:1      | 0 ||| qw: God list: Okawaru
     0 | D:1      | 0 ||| qw: Allow faded altars: false
     0 | D:1      | 0 ||| qw: Do Orc after D:15 true
     0 | D:1      | 0 ||| qw: Do second Lair branch before Depths: true
     0 | D:1      | 0 ||| qw: Lair rune preference: random
     0 | D:1      | 0 ||| qw: Plans: Normal
     0 | D:1      | 0 ||| PLANNING D:1-11
    31 | D:1      | Found a faded altar of an unknown god.
   243 | D:1      | Reached XP level 2. HP: 17/17 MP: 6/6
   308 | D:1      | Reached skill level 3 in Axes
   678 | D:1      | 678 ||| DROPPING +0 whip.
  1159 | D:1      | Reached XP level 3. HP: 18/21 MP: 7/7
  1198 | D:1      | 1198 ||| UPGRADING to +0 scale mail.
  1203 | D:1      | 1203 ||| UPGRADING to +0 leather armour.
  1274 | D:1      | 1274 ||| UPGRADING to +0 scale mail.
  1284 | D:1      | 1284 ||| DROPPING +0 leather armour.
  1360 | D:1      | Reached skill level 4 in Axes
  1509 | D:1      | 1509 ||| READING scroll labelled ZISAIFIOGU.
  1510 | D:1      | 1510 ||| READING scroll labelled VAGGUM ZOZO.
  1511 | D:1      | 1511 ||| DROPPING scroll of blinking.
  1607 | D:2      | 1607 ||| Stepping ~*~*~tactically~*~*~ (stealth).
  1720 | D:2      | 1720 ||| Stepping ~*~*~tactically~*~*~ (stealth).
  1774 | D:2      | Reached XP level 4. HP: 23/25 MP: 8/8
  1785 | D:2      | Reached skill level 5 in Axes
  1995 | D:2      | Found Cubakofet's Distillery.
  2003 | D:2      | 2003 ||| BUYING potion of curing (36 gold).
  2003 | D:2      | Bought a potion of curing for 36 gold pieces
  2003 | D:2      | 2003 ||| SHOPLISTING potion of heal wounds (60 gold, have
                  | 40).
  2003 | D:2      | 2003 ||| SHOPLISTING potion of resistance (120 gold, have
                  | 40).
  2161 | D:2      | HP: 5/26 [gnoll/+0 halberd (9)]
  2163 | D:2      | Slain by a gnoll

Levels and vault maps discovered:
D:1:      lemuel_arrival_behind_the_door_large, layout_loops_corners,
          basic_ecumenical_altar, minmay_pentomino_t4
D:2:      layout_loops_ring, serial_shops, shop, cheibrodos_gnoll_hut

Skill      XL: |  1  2  3  4 |
---------------+-------------+-----
Axes           | 3 4 5 |  5.2
Fighting       | |  2.0
Throwing       | |  1.0
Armour         | |  1.1
Dodging        | |  2.1
Spellcasting   | |  2.0
Translocations | |  2.4

Action                   |  1- 3 |  4- 6 || total
-------------------------+-------+-------++-------
Melee: Hand axe          |    82 |    25 ||   107
       Peck              |     9 |     2 ||    11
       Kick              |    15 |    10 ||    25
       Punch             |     1 |       ||     1
Throw: Boomerang         |     7 |       ||     7
  Use: Scroll            |     2 |       ||     2
Armor: Leather armour    |    11 |       ||    11
       Scale mail        |     5 |    10 ||    15
Dodge: Dodged            |    37 |    22 ||    59

Table legend:
 A = Non-vault XP
 B = Vault XP
 C = Vault XP percentage of total XP
 D = Non-vault monster count
 E = Vault monster count
 F = Vault count percentage of total count
                 A         B        C        D         E       F
            +---------+---------+-------+---------+---------+-------
      Total |     126 |       8 |   6.0 |      39 |       5 |  11.4
            +---------+---------+-------+---------+---------+-------
        D:1 |      41 |       4 |   8.9 |      25 |       3 |  10.7
        D:2 |      85 |       4 |   4.5 |      14 |       2 |  12.5
            +---------+---------+-------+---------+---------+-------
